 Dungeon Crawl Stone Soup version 0.20-a0-739-g6bb112f (webtiles) character file.

998 polly the Shield-Bearer (level 8, -1/48 HPs)
             Began as a Gargoyle Fighter on Feb 25, 2017.
             Was a Follower of Okawaru.
             Slain by an ogre
             ... wielding a +0 giant club
              (25 damage)
             ... on level 5 of the Dungeon.
             The game lasted 00:04:08 (3774 turns).

polly the Shield-Bearer (Gargoyle Fighter)          Turns: 3774, Time: 00:04:09

Health: -1/48      AC: 13    Str: 19    XL:     8   Next: 19%
Magic:  8/8        EV:  8    Int: 10    God:    Okawaru [*.....]
Gold:   301        SH: 10    Dex: 11    Spells: 7/7 levels left

rFire    . . .     SeeInvis .   q - +1 flail (holy)
rCold    . . .     Gourm    .   b - +0 scale mail
rNeg     + . .     Faith    .   c - +0 shield
rPois    ∞         Spirit   .   h - +0 helmet
rElec    +         Reflect  .   (no cloak)
rCorr    .         Harm     .   (no gloves)
MR       .....                  (no boots)
Stlth    ..........             (no amulet)
Regen    0.2/turn               (no ring)
MPRegen  0.2/turn               (no ring)

@: no status effects
A: negative energy resistance 1, electricity resistance, unbreathing,
petrification resistance, rot immunity, AC +5
a: Heroism, Renounce Religion


You were on level 5 of the Dungeon.
You worshipped Okawaru.
Okawaru was aware of your devotion.
You were not hungry.

You visited 2 branches of the dungeon, and saw 6 of its levels.

You collected 301 gold pieces.

Inventory:

Hand Weapons
 q - a +1 flail of holy wrath (weapon)
Armour
 b - a +0 scale mail (worn)
 c - a +0 shield (worn)
 h - a +0 helmet (worn)
Wands
 a - a wand of flame (23/48)
Scrolls
 e - 13 scrolls of identify
 i - 2 scrolls of noise {unknown}
 k - a scroll of random uselessness {unknown}
 n - 2 scrolls of magic mapping {unknown}
 o - 2 scrolls of enchant armour {unknown}
 r - 2 scrolls of fear {unknown}
 t - a scroll of recharging {unknown}
 v - a scroll of remove curse
 x - 2 scrolls of blinking {unknown}
 y - a scroll of teleportation {unknown}
Potions
 d - 2 potions of might
 j - 3 potions of lignification {unknown}
 l - 2 potions of degeneration {unknown}
 p - 2 potions of haste {unknown}
 s - 2 potions of agility {unknown}
 w - a potion of magic {unknown}
 z - 2 potions of mutation {unknown}
Books
 A - a book of Minor Magic

   Spells                             Type                      Level
   a - Magic Dart                     Conjuration                  1
   b - Blink                          Translocation                2
   c - Call Imp                       Summoning                    2
   d - Slow                           Hexes                        2
   e - Conjure Flame                  Conjuration/Fire             3
   f - Mephitic Cloud                 Conjuration/Poison/Air       3
Comestibles
 f - 2 bread rations
 g - 5 royal jellies
 m - 4 fruits
 u - 2 chunks of flesh


   Skills:
 + Level 4.4 Fighting
 + Level 5.8 Maces & Flails
 + Level 5.6 Armour
 + Level 1.6 Dodging
 + Level 1.2 Stealth
 + Level 6.0 Shields


You had 7 spell levels left.
You didn't know any spells.

Dungeon Overview and Level Annotations

Branches:
Dungeon (5/15)             Temple (1/1) D:4

Altars:
Ashenzari
Dithmenos
Fedhas
Gozag
Hepliaklqana
Makhleb
Nemelex Xobeh
Okawaru
Qazlal
Ru
Sif Muna
Trog
Uskayaw
Vehumet
Wu Jian
Xom
Yredelemnul
Zin
The Shining One


Innate Abilities, Weirdness & Mutations

You are resistant to torment.
Your stone body is resilient. (AC +5)
You are immune to poison.
You resist negative energy. (rN+)
You are resistant to electric shocks. (rElec)
You can survive without breathing.
You are immune to petrification.
You are immune to rotting.


Message History

You are too injured to fight recklessly!
You are too injured to fight recklessly!
You are too injured to fight recklessly!
You are too injured to fight recklessly!
You are too injured to fight recklessly!
You are too injured to fight recklessly!
You are too injured to fight recklessly!
You are too injured to fight recklessly!
You are too injured to fight recklessly!
You are too injured to fight recklessly!
You are too injured to fight recklessly!
You are too injured to fight recklessly!
You sock the ogre!
The ogre is almost dead.
You block the ogre's attack.
You barely miss the ogre.
The ogre is almost dead.
The ogre hits you with a giant club!!
Ouch! That really hurt!
You die...

#..#._.#..# #.........#
#.)..#....#
#.........### #####
#.....###..=. ...#
##....# #####
#######.#####....#######
[..>...O)..<.....'......
#
######@####.....##.####
o.o.####)# ##.#####.# #
#......# #..# #.# #
######## ##.# ##.####
#.###...... #..##...##.
##.##...##. #.##...##.
#.##...##.


You could see an ogre.

Vanquished Creatures
  Grinder (D:2)
  An ice beast (D:5)
  2 ogres (D:5)
  2 scorpions (D:5)
  A jelly (D:5)
  An orc priest (D:5)
  4 orc wizards (D:5)
  2 bullfrog skeletons
  Natasha (D:3)
  A worker ant (D:4)
  Robin (D:3)
  7 adders
  3 worms
  3 dart slugs
  4 leopard geckos
  4 orcs
  A ball python (D:4)
  3 bats
  16 goblins
  7 hobgoblins
  9 jackals
  6 kobolds
  2 quokkas (D:3)
  3 frilled lizards
  A giant cockroach zombie (D:5)
  A leopard gecko zombie (D:4)
  3 rats
90 creatures vanquished.

Notes
Turn   | Place    | Note
-------+----------+-------------------------------------------
     0 | D:1      | polly the Gargoyle Fighter began the quest for the Orb.
     0 | D:1      | Reached XP level 1. HP: 14/14 MP: 1/1
   554 | D:1      | Reached XP level 2. HP: 19/19 MP: 2/2
   808 | D:2      | Reached XP level 3. HP: 21/23 MP: 3/3
   880 | D:2      | You fall through a shaft!
   880 | D:3      | Noticed Grinder
   890 | D:2      | Paralysed by Grinder for 3 turns
   900 | D:2      | HP: 1/23 [Grinder (1)]
   901 | D:2      | Killed Grinder
   901 | D:2      | Reached skill level 4 in Shields
   901 | D:2      | Reached XP level 4. HP: 2/29 MP: 4/4
   901 | D:2      | Reached XP level 5. HP: 2/33 MP: 5/5
   901 | D:2      | Reached XP level 6. HP: 3/38 MP: 6/6
  1838 | D:3      | Found a faded altar of an unknown god.
  1939 | D:3      | Noticed Natasha
  1948 | D:3      | Killed Natasha
  1956 | D:3      | Noticed Robin
  1974 | D:3      | Killed Robin
  2513 | D:4      | Found a staircase to the Ecumenical Temple.
  2545 | Temple   | Entered the Ecumenical Temple
  2643 | Temple   | Became a worshipper of Warmaster Okawaru
  2903 | D:4      | Found a hide-covered altar of Uskayaw.
  3157 | D:4      | Reached XP level 7. HP: 43/43 MP: 7/7
  3259 | D:5      | Entered Level 5 of the Dungeon
  3271 | D:5      | Reached skill level 5 in Armour
  3271 | D:5      | Reached skill level 1 in Dodging
  3271 | D:5      | Reached skill level 5 in Shields
  3445 | D:5      | Reached skill level 5 in Maces & Flails
  3581 | D:5      | Found a radiant altar of Vehumet.
  3623 | D:5      | Reached * piety under Okawaru
  3694 | D:5      | Reached XP level 8. HP: 27/48 MP: 8/8
  3739 | D:5      | Reached skill level 1 in Stealth
  3751 | D:5      | Reached skill level 6 in Shields
  3774 | D:5      | Slain by an ogre

Vault maps used:
D:1:      minmay_arrival_widening_spiral_narrow
D:2:      first_bread
D:3:      chequers_ecumenical_altar_simple, uniq_grinder, uniq_natasha,
          uniq_robin
D:4:      eat_drink_and_be_merry_uskayaw, temple_statues
D:5:      vehumet_altar_wand_db, hangedman_decor_riveting
Temple:   minmay_crystal_spiral_temple

Skill      XL: |  1  2  3  4  5  6  7  8 |
---------------+-------------------------+-----
Fighting       | 4 |  4.4
Maces & Flails | 4 5 |  5.8
Armour         | 4 5 |  5.6
Shields        | 4 5 6 |  6.0
Dodging        | 1 |  1.6
Stealth        | 1 |  1.2

Action                   |  1- 3 |  4- 6 |  7- 9 || total
-------------------------+-------+-------+-------++-------
Melee: Flail             |    60 |   206 |    98 ||   364
  Use: Potion            |     1 |       |       ||     1
       Scroll            |       |     2 |       ||     2
  Eat: Chunk             |       |     7 |     2 ||     9
       Fruit             |       |       |     1 ||     1
Armor: Scale mail        |    28 |   131 |    48 ||   207
Dodge: Dodged            |    16 |    61 |    23 ||   100
Block: Shield            |    24 |   129 |    39 ||   192
